 Dungeon Crawl Stone Soup version 0.18-a0-82-gaf82852 (webtiles) character file.

428504 nono the Impregnable (level 23, -7/162 HPs)
             Began as a Gargoyle Fighter on July 9, 2015.
             Was the Champion of Ashenzari.
             Killed from afar by a deep elf annihilator (53 damage)
             ... with a crystal spear
             ... on level 3 of the Elven Halls on Nov 13, 2015.
             The game lasted 04:04:39 (52901 turns).

nono the Impregnable (Gargoyle Fighter)            Turns: 52901, Time: 04:04:39

Health: -7/162     AC: 56    Str: 29    XL:     23   Next: 86%
Magic:  29/29      EV: 16    Int: 10    God:    Ashenzari [******]
Gold:   2679       SH:  0    Dex: 17    Spells: 1 memorised, 21 levels left

rFire  + . .     SeeInvis +     a - +9 lajatang (elec) (curse)
rCold  . . .     Clarity  +     O - +9 plate armour of Elyvilon's Supremacy {Slay+2} (curse)
rNeg   + + +     SustAt   .     (shield currently unavailable)
rPois  ∞         Gourm    .     (helmet restricted)
rElec  +         Spirit   .     H - +0 cloak (curse)
rCorr  .         Warding  .     V - +0 pair of gloves {Str+3}
rMut   .         Stasis   .     y - +2 pair of boots (curse)
MR     +++..                    (no amulet)
Stlth  ..........               L - ring "Goezit" {rF+ rN+ MR+}
                                D - ring of Heifaphimm {rN+ Int+4 Dex+5}

@: about to teleport, flying, very slightly contaminated, hasted (expiring),
very quick, extremely resistant to hostile enchantments, extremely unstealthy
A: big wings, horns 1, blink, clumsy 1, dopey 1, magic resistance 1, mutation
resistance 1, negative energy resistance 1, electricity resistance, unbreathing,
petrification resistance, rot immunity, AC +17
a: Stop Flying, Blink, Scrying, Transfer Knowledge, Renounce Religion
}: 2/15 runes: serpentine, barnacled


You were on level 3 of the Elven Halls.
You worshipped Ashenzari.
Ashenzari was exalted by your worship.
You were not hungry.

You visited 10 branches of the dungeon, and saw 47 of its levels.
You visited 1 bazaar.
You also visited: Labyrinth and Sewer.

You collected 6191 gold pieces.
You spent 3512 gold pieces at shops.

Inventory:

Hand Weapons
 a - a cursed +9 lajatang of electrocution (weapon)
Armour
 y - a cursed +2 pair of boots (worn)
 z - the +9 chain mail "Laicilymit" {rElec rC- Int+8 Dex+3}
   (You bought it in a shop on level 4 of the Orcish Mines)

   It affects your intelligence (+8).
   It affects your dexterity (+3).
   It makes you vulnerable to cold.
   It insulates you from electricity.
 G - a +2 helmet of intelligence
 H - a cursed +0 cloak (worn)
 O - the cursed +9 plate armour of Elyvilon's Supremacy (worn) {Slay+2}
   (You bought it in a shop on level 4 of the Orcish Mines)

   It affects your accuracy and damage with ranged weapons and melee attacks
   (+2).
   It has a curse placed upon it.
 V - a +0 pair of gloves of strength (worn)
Magical Staves
 M - an uncursed staff of earth
Jewellery
 b - the amulet of Hard Scrabble {Stasis Stlth+}
   (You found it on level 8 of the Dungeon)

   [amulet of stasis]

   It prevents you from being teleported, slowed, hasted or paralysed.
   It makes you more stealthy.
 g - the ring "Ustauffo" {rPois rC+ Str+2}
   (You bought it in a shop on level 4 of the Orcish Mines)

   [ring of protection from cold]

   It affects your strength (+2).
   It protects you from cold.
   It protects you from poison.
 t - the amulet "Kerch" {Gourm -Tele Str+7}
   (You found it on level 1 of the Lair of Beasts)

   [amulet of the gourmand]

   It allows you to eat raw meat even when not hungry.
   It affects your strength (+7).
   It prevents most forms of teleportation.
 x - a +5 ring of protection
 C - the ring of Ijeex {rElec rPois rN+ Int+4}
   (You found it on level 3 of the Crypt)

   [ring of positive energy]

   It affects your intelligence (+4).
   It insulates you from electricity.
   It protects you from poison.
   It protects you from negative energy.
 D - the ring of Heifaphimm (left hand) {rN+ Int+4 Dex+5}
   (You found it on level 3 of the Crypt)

   [ring of positive energy]

   It affects your intelligence (+4).
   It affects your dexterity (+5).
   It protects you from negative energy.
 L - the ring "Goezit" (right hand) {rF+ rN+ MR+}
   (You found it on level 3 of the Crypt)

   [ring of positive energy]

   It protects you from fire.
   It protects you from negative energy.
   It affects your resistance to hostile enchantments.
 T - an uncursed ring of protection from fire
 Z - an uncursed amulet of resist corrosion
Wands
 i - a wand of digging (6)
 p - a wand of heal wounds (5)
 J - a wand of hasting (4)
 Q - a wand of disintegration (5)
 R - a wand of teleportation (4)
 X - a wand of fire (7)
Scrolls
 f - a scroll of summoning
 h - 6 scrolls of magic mapping
 j - 4 scrolls of fog
 l - 3 scrolls of recharging
 n - 26 scrolls of identify
 o - 5 scrolls of enchant weapon
 v - 6 scrolls of blinking
 w - a scroll of silence
 B - 3 scrolls of curse jewellery
 F - 5 scrolls of teleportation
 K - 18 scrolls of remove curse
 P - 3 scrolls of fear
 S - a scroll of brand weapon
 W - 5 scrolls of enchant armour
Potions
 c - 9 potions of heal wounds
 k - a potion of invisibility
 q - 21 potions of curing
 s - 3 potions of resistance
 u - 8 potions of agility
 A - 4 potions of cancellation
 E - a potion of berserk rage
 I - 5 potions of might
 N - 3 potions of beneficial mutation
 U - a potion of haste
Miscellaneous
 d - a legendary deck of summoning {drawn: 8}
 m - a fan of gales
 Y - a disc of storms
Comestibles
 e - 20 bread rations
 r - 26 meat rations


   Skills:
 + Level 22.2 Fighting
   Level 2.0(15.1) Maces & Flails
 + Level 22.0(26.5) Staves
 + Level 22.8(26.2) Armour
 - Level 11.0 Dodging
   Level 3.2 Shields
 - Level 8.4 Evocations


You had 21 spell levels left.
You knew the following spells:

 Your Spells              Type           Power        Failure   Level  Hunger
a - Infusion              Chrm           #.....       92%         1    ##.....


Dungeon Overview and Level Annotations

Branches:
Dungeon (15/15)            Temple (1/1) D:4            Lair (8/8) D:10
 Shoals (4/4) Lair:5        Snake (4/4) Lair:3        Slime (0/6) Lair:6
    Orc (4/4) D:12            Elf (3/3) Orc:4        Vaults (4/5) D:13
  Crypt (3/3) Vaults:2       Tomb (1/3) Crypt:3      Depths (0/5) D:15

Altars:
Ashenzari
Cheibriados
Dithmenos
Elyvilon
Fedhas
Gozag
Kikubaaqudgha
Makhleb
Nemelex Xobeh
Okawaru
Qazlal
Ru
Sif Muna
Vehumet
Xom
Yredelemnul
Zin
Beogh

Shops:
D:5 }   D:11 =((   D:12 [   D:13 %(}%?   D:15 [   Orc:1 *   Orc:4 [*?}=
Elf:1 !   Elf:2 =   Shoals:4 *!?   Snake:1 }

Portals:
Trove: Vaults:2 (give wand of heal wounds (9))


Innate Abilities, Weirdness & Mutations

You are resistant to torment.
Your stone body is resilient (AC +17).
You are immune to poison.
Your large and strong wings let you fly indefinitely.
You resist negative energy.
You are resistant to electric shocks.
You can survive without breathing.
You are immune to petrification.
You are immune to rotting.
You have a pair of small horns on your head.
You can translocate small distances at will.
You are clumsy. (Dex -2)
You are dopey. (Int -2)
You are resistant to hostile enchantments.
You are somewhat resistant to further mutation.


Message History

You hear a shout! x2
The ghostly deep elf master archer shoots an arrow of flame.
The arrow of flame completely misses you.
The arrow of flame barely misses the small abomination.
The deep elf annihilator hits you but does no damage.
The small abomination barely misses you.
You slash the ghostly deep elf master archer!
The ghostly deep elf master archer is severely damaged.
The ghostly deep elf master archer shoots an arrow of flame.
The arrow of flame hits you but does no damage.
The small abomination completely misses you.
The small abomination hits you.
* * * LOW HITPOINT WARNING * * *
The deep elf annihilator casts a spell.
The deep elf annihilator blinks!
You slash the ghostly deep elf master archer!
The ghostly deep elf master archer is almost destroyed.
The deep elf annihilator gestures at you while chanting.
The crystal spear hits you!
You die...

##≈≈≈≈≈≈≈≈≈≈≈≈≈≈≈≈≈≈≈≈≈≈≈≈≈≈≈≈≈≈≈
.##≈≈≈≈≈≈≈≈≈≈≈≈≈≈≈≈≈≈≈≈≈≈≈≈≈≈≈≈≈≈
..###############################
...'...).........................
...'.............................
...####+#######'########+#######'
..##.......#(.(...#........#.....
.##........#...x)e'........'.....
##.........'....@x#........#.....
#...#############e###############
#...#* * #e# ** #...#* * * #e# *
* #...#*, , #x# , +...# ,, * *
#.# ,,{, #...# *, , , * #§# **{ {
###'#* * , , *#e# {,, *, , #...#
,,, ,,{ {.ee{{,, ,* ,*


You could see a deep elf blademaster, a ghostly deep elf master archer, a deep
elf annihilator, a deep elf death mage, a deep elf sorcerer and 2 small
abominations.

Vanquished Creatures
  An ancient lich (Crypt:3)
  Mara (Snake:3)
  2 greater mummies (Tomb:1)
  Sojobo (Vaults:2)
  Nikola (Vaults:3)
  A bone dragon (Crypt:3)
  4 liches (Crypt:3)
  Jorgrun (Snake:2)
  The ghost of Zebura the Imperceptible, a great VSBe of Trog (Shoals:2)
  A large abomination (Vaults:3)
  A deep elf blademaster (Elf:3)
  A deep elf master archer (Elf:3)
  6 sphinxes
  3 ancient champions
  11 greater nagas
  2 tengu reavers (Vaults:2)
  4 revenants
  Ilsuiw (Shoals:4)
  18 vault wardens
  A frost giant (Vaults:4)
  A deep elf sorcerer (Vaults:2)
  A fire giant (shapeshifter) (Vaults:3)
  Aizul (Snake:1)
  7 curse skulls
  6 stone giants
  5 deep elf demonologists
  11 ironheart preservers
  A very ugly thing (Vaults:3)
  3 war gargoyles (Crypt:3)
  3 vampire knights
  5 deep elf annihilators
  A minotaur (Lab)
  3 eidola
  7 merfolk javelineers
  6 deep elf death magi
  11 merfolk impalers
  7 jiangshi
  2 small abominations
  The ghost of Goblin1989 the Basher, a powerful VSBe of Trog (Lair:7)
  4 vault guards
  2 deep elf high priests (Elf:3)
  Josephine (D:10)
  3 fire dragons (Vaults:4)
  3 mummy priests (Tomb:1)
  15 yaktaur captains
  2 great orbs of eyes
  A quicksilver dragon zombie (Crypt:3)
  Fannar (Lair:1)
  3 catoblepae (Lair:8)
  6 naga warriors
  2 ice dragons
  2 merfolk avatars
  23 anacondas
  5 hydras
  3 merfolk aquamancers
  2 alligator snapping turtles (Shoals:4)
  4 centaur warriors
  A ghost crab (shapeshifter) (D:15)
  16 death yaks
  16 dancing weapons
  7 ogre magi
  The ghost of asdu the Cleaver, an experienced MiBe of Trog (Orc:1)
  5 vampire magi
  3 satyrs (Shoals:4)
  5 orc high priests
  2 tengu warriors
  A deep troll earth mage (Vaults:2)
  A titan zombie (Crypt:3)
  6 shock serpents
  9 naga sharpshooters
  A storm dragon zombie (Crypt:1)
  22 deep elf knights
  A fire crab (shapeshifter) (Elf:3)
  35 skeletal warriors
  3 titan skeletons (Crypt:3)
  A salamander mystic (Snake:4)
  3 deep trolls
  16 sea snakes
  2 unseen horrors (Vaults:1)
  3 flayed ghosts
  7 deep elf summoners
  A swamp dragon (shapeshifter) (Vaults:1)
  9 naga ritualists
  8 harpies
  10 hill giants
  An orange crystal statue (Shoals:4)
  20 orc knights
  16 ironbrand convokers
  4 hornets
  2 wolf spider zombies
  8 cyclopes
  7 phantasmal warriors
  2 iron dragon zombies
  26 griffons
  A water nymph (shapeshifter) (Vaults:3)
  2 wizards (Vaults:3)
  11 mana vipers
  4 necromancers
  2 wolf spiders
  A frost giant zombie (Crypt:2)
  11 manticores
  32 ugly things
  2 salamanders
  13 deep elf conjurers
  10 fauns
  9 orc sorcerers
  7 sirens
  5 water nymphs
  5 elephants
  2 stone giant skeletons
  14 guardian serpents
  8 fire giant skeletons (Crypt:3)
  14 vault sentinels
  A frost giant skeleton (Crypt:2)
  Joseph (Lair:1)
  A black mamba (shapeshifter) (Vaults:4)
  22 naga magi
  33 black mambas
  13 spiny frogs
  4 gargoyles (Crypt:3)
  A torpor snail (Lair:8)
  A kobold demonologist (Vaults:2)
  A centaur skeleton (D:11)
  A yaktaur (shapeshifter) (Vaults:2)
  4 freezing wraiths
  A catoblepas zombie (Crypt:2)
  9 komodo dragons
  A mottled draconian zombie (Crypt:3)
  A harpy zombie (Crypt:3)
  5 guardian mummies (Tomb:1)
  72 yaktaurs
  A death yak skeleton (Crypt:1)
  3 minotaur zombies (Lab)
  A catoblepas skeleton (Crypt:3)
  13 deep elf priests
  2 fire drakes
  8 trolls
  30 merfolk
  A raiju (shapeshifter) (Elf:1)
  A polar bear (Lair:5)
  An iron troll skeleton (Crypt:2)
  6 wind drakes
  A polar bear (shapeshifter) (Vaults:3)
  A hydra skeleton (Crypt:3)
  7 two-headed ogres
  8 slime creatures
  2 ushabtiu (Tomb:1)
  7 blink frogs
  An ettin zombie (Crypt:3)
  A death drake skeleton (Crypt:1)
  A two-headed ogre (shapeshifter) (Elf:2)
  5 boulder beetles
  A trapdoor spider (D:12)
  60 yaks
  A redback (Vaults:4)
  Sigmund (D:2)
  7 flying skulls
  15 snapping turtles
  A wyvern (D:14)
  A black mamba zombie (Crypt:1)
  An ettin skeleton (Crypt:3)
  16 hippogriffs
  4 vampires
  8 fire dragon skeletons (Crypt:3)
  27 deep elf magi
  A trapdoor spider (shapeshifter) (Vaults:4)
  2 shadows
  7 water elementals
  14 wraiths
  5 basilisks
  31 deep elf fighters
  12 vampire mosquitoes
  A mottled dragon (Vaults:1)
  3 wargs
  5 hungry ghosts
  42 nagas
  7 porcupines
  38 wolves
  6 water moccasins
  A porcupine (shapeshifter) (Elf:1)
  3 phantoms
  A spiny frog zombie (Crypt:2)
  5 black bears
  Purgy (Sewer)
  2 eyes of draining
  4 sky beasts
  A wasp (D:7)
  4 ice beasts
  A swamp dragon zombie (Crypt:3)
  42 orc warriors
  14 crocodiles
  2 necrophages
  A hog zombie (Crypt:1)
  19 ogres
  17 centaurs
  5 boggarts (Vaults:1)
  3 big kobolds
  A fire crab zombie (Crypt:1)
  A komodo dragon zombie (Crypt:1)
  14 giant frogs
  A wyvern zombie (D:6)
  2 warg zombies (Crypt:2)
  A wyvern skeleton (D:9)
  A cyclops skeleton (Crypt:2)
  A water moccasin skeleton (Crypt:1)
  17 wights
  A troll zombie (Crypt:3)
  3 scorpions
  14 killer bees
  7 electric eels
  2 centaur zombies (D:11)
  4 crimson imps
  3 quasits
  A gnoll shaman (D:7)
  A giant frog zombie (D:7)
  4 hounds
  16 orc priests
  35 orc wizards
  A giant frog skeleton (D:12)
  8 iguanas
  5 jellies
  An elf simulacrum (Vaults:2)
  15 worker ants
  A naga zombie (Crypt:3)
  36 sheep
  A deep dwarf zombie (Crypt:1)
  A hound skeleton (D:5)
  6 mummies (Tomb:1)
  2 worker ant zombies
  Robin (D:2)
  14 adders
  7 gnolls
  47 river rats
  2 shadow imps
  3 oozes
  A lava snake skeleton (Crypt:2)
  An adder skeleton (D:5)
  3 worms
  191 orcs
  14 bats
  2 bat zombies (D:5)
  7 giant cockroaches
  18 goblins
  14 hobgoblins
  6 jackals
  3 quokkas
  2 ball pythons
  5 giant geckos
  4 giant newts
  A giant newt skeleton (Crypt:2)
  A jackal zombie (D:5)
  31 kobolds
  An orc skeleton (Crypt:1)
  16 rats
  A crawling corpse (Vaults:3)
  2 fungi
  5 plants
1986 creatures vanquished.

Vanquished Creatures (collateral kills)
  Rupert (Lair:5)
  Maud (Lair:6)
  Nessos (Lair:6)
  An oklob plant (Lair:1)
  2 black mambas
  A komodo dragon (Lair:6)
  A boulder beetle (Lair:6)
  A basilisk (Lair:6)
  A wolf (Lair:6)
  A naga (Snake:2)
  A crocodile (Lair:6)
  A plant (Lair:6)
13 creatures vanquished.

Vanquished Creatures (others)
  A deep elf high priest (Elf:3)
  A deep elf knight (Elf:2)
  A deep elf conjurer (Vaults:4)
  A komodo dragon (Lair:6)
  A yaktaur (Vaults:3)
  A wolf (Lair:6)
  2 deep elf fighters
  3 river rats (Lair:6)
  An orc (Orc:3)
  12 fungi
  9 lost souls
  11 plants
44 creatures vanquished.

Grand Total: 2043 creatures vanquished

Notes
Turn   | Place    | Note
--------------------------------------------------------------
     0 | D:1      | nono the Gargoyle Fighter began the quest for the Orb.
     0 | D:1      | Reached XP level 1. HP: 14/14 MP: 1/1
   139 | D:1      | Reached XP level 2. HP: 13/19 MP: 2/2
   460 | D:1      | Reached skill level 4 in Fighting
   460 | D:1      | Reached XP level 3. HP: 13/24 MP: 3/3
  1005 | D:2      | Noticed Sigmund
  1017 | D:2      | Killed Sigmund
  1017 | D:2      | Reached skill level 5 in Fighting
  1017 | D:2      | Reached skill level 5 in Armour
  1017 | D:2      | Reached XP level 4. HP: 23/31 MP: 4/4
  1017 | D:2      | Reached XP level 5. HP: 25/35 MP: 5/5
  1085 | D:2      | Noticed Robin
  1118 | D:2      | Killed Robin
  1297 | D:2      | Reached XP level 6. HP: 31/40 MP: 6/6
  1456 | D:2      | Found a deep blue altar of Sif Muna.
  1920 | D:3      | Reached skill level 6 in Fighting
  2410 | D:4      | Found a staircase to the Ecumenical Temple.
  2574 | Temple   | Entered the Ecumenical Temple
  2642 | Temple   | Became a worshipper of Ashenzari the Shackled
  2736 | D:4      | Found a radiant altar of Vehumet.
  2905 | D:4      | Reached XP level 7. HP: 47/47 MP: 7/7
  3485 | D:5      | Entered Level 5 of the Dungeon
  3589 | D:5      | Reached skill level 7 in Fighting
  3604 | D:5      | Got the cursed whip "Qith" {antimagic, Str+2}
  3605 | D:5      | Identified the cursed +1 whip "Qith" {antimagic, Str+2} (You took it off a kobold on level 5 of the Dungeon)
  3679 | D:5      | Found Itaw's Gadget Shoppe.
  4042 | D:5      | Found a basalt altar of Yredelemnul.
  4155 | D:5      | Found a shadowy altar of Dithmenos.
  4393 | D:6      | Reached XP level 8. HP: 53/53 MP: 2/8
  4403 | D:6      | Gained mutation: Your spells are a little harder to cast, but a little more powerful. [mutagenic meat]
  4404 | D:6      | Gained mutation: You passively map a small area around you. [mutagenic meat]
  4405 | D:6      | Lost mutation: Your spells are a little harder to cast, but a little more powerful. [mutagenic meat]
  4406 | D:6      | Gained mutation: You have a pair of small horns on your head. [mutagenic meat]
  4407 | D:6      | Gained mutation: You have a pair of horns on your head. [mutagenic meat]
  4408 | D:6      | Gained mutation: Your spells are a little harder to cast, but a little more powerful. [mutagenic meat]
  4595 | D:6      | Found a glowing drain.
  4605 | Sewer    | Entered a sewer
  4677 | Sewer    | Noticed Purgy
  4699 | Sewer    | Killed Purgy
  4792 | Sewer    | Gained mutation: Scrolls take you a little longer to read. [potion of mutation]
  4792 | Sewer    | Lost mutation: Scrolls take you a little longer to read. [potion of mutation]
  4792 | Sewer    | Gained mutation: You passively map the area around you. [potion of mutation]
  4793 | Sewer    | Gained mutation: Your muscles are strong. (Str +2) [potion of mutation]
  4793 | Sewer    | Lost mutation: You passively map the area around you. [potion of mutation]
  4794 | Sewer    | Gained mutation: You can translocate small distances at will. [potion of mutation]
  4794 | Sewer    | Gained mutation: Armour fits poorly on your strangely shaped body. [potion of mutation]
  4794 | Sewer    | Lost mutation: Your muscles are strong. (Str +2) [potion of mutation]
  4795 | Sewer    | Gained mutation: You are covered in fur (AC +1). [potion of mutation]
  4795 | Sewer    | Gained mutation: Your muscles are strong. (Str +2) [potion of mutation]
  4883 | D:6      | Reached skill level 8 in Fighting
  4944 | D:6      | Found a sparkling altar of Nemelex Xobeh.
  4967 | D:6      | Reached * piety under Ashenzari
  5568 | D:7      | Found a white marble altar of Elyvilon.
  5589 | D:7      | Reached skill level 9 in Armour
  5781 | D:7      | Reached XP level 9. HP: 16/60 MP: 3/9
  6495 | D:7      | Reached skill level 10 in Fighting
  6495 | D:7      | Reached skill level 10 in Armour
  6519 | D:7      | Found a deep blue altar of Sif Muna.
  6614 | D:7      | Found a shimmering altar of Xom.
  7045 | D:7      | Found a stormy altar of Qazlal.
  7052 | D:7      | Found a blossoming altar of Fedhas.
  7207 | D:8      | Reached skill level 11 in Armour
  7233 | D:8      | Reached XP level 10. HP: 67/69 MP: 3/10
  7862 | D:8      | Identified the amulet of Hard Scrabble {Stasis Stlth+}
  7891 | D:8      | Gained mutation: Scrolls take you a little longer to read. [mutagenic meat]
  8192 | D:9      | Noticed a white ugly thing
  8498 | D:8      | Upgraded the game from 0.17-a0-1504-gb7d9117 to 0.17-a0-1575-g9a29ec8
  8786 | D:9      | Reached ** piety under Ashenzari
  9121 | D:10     | Entered Level 10 of the Dungeon
  9133 | D:10     | Reached skill level 12 in Fighting
  9181 | D:10     | Found a deep blue altar of Sif Muna.
  9294 | D:10     | Identified the +1 buckler of Action {rElec Regen+ Dex+4} (You took it off an orc wizard on level 10 of the Dungeon)
  9394 | D:10     | Found a staircase to the Lair.
  9410 | Lair:1   | Entered Level 1 of the Lair of Beasts
  9410 | Lair:1   | Noticed an oklob plant
  9430 | Lair:1   | Found a labyrinth entrance.
  9442 | Lab      | Entered a labyrinth
  9443 | Lab      | Gained mutation: Your skin changes colour to match your surroundings (Stealth). [potion of beneficial mutation]
  9449 | Lab      | Gained mutation: You are agile. (Dex +2) [potion of beneficial mutation]
  9450 | Lab      | Gained mutation: You are partially covered in thin metallic scales (AC +2). [potion of beneficial mutation]
  9618 | Lab      | Noticed a minotaur
  9634 | Lab      | Lost mutation: You passively map a small area around you. [potion of cure mutation]
  9634 | Lab      | Lost mutation: You have a pair of horns on your head. [potion of cure mutation]
  9634 | Lab      | Lost mutation: Your spells are a little harder to cast, but a little more powerful. [potion of cure mutation]
  9634 | Lab      | Lost mutation: Your muscles are strong. (Str +2) [potion of cure mutation]
  9634 | Lab      | Lost mutation: Scrolls take you a little longer to read. [potion of cure mutation]
  9636 | Lab      | Lost mutation: Armour fits poorly on your strangely shaped body. [potion of cure mutation]
  9636 | Lab      | Lost mutation: You are partially covered in thin metallic scales (AC +2). [potion of cure mutation]
  9636 | Lab      | Lost mutation: You are covered in fur (AC +1). [potion of cure mutation]
  9636 | Lab      | Lost mutation: You are agile. (Dex +2) [potion of cure mutation]
  9661 | Lab      | Killed a minotaur
  9816 | Lab      | Reached XP level 11. HP: 25/76 MP: 3/11
  9898 | Lab      | Identified Sait Nei's Collected Works on Glacial Protection
  9905 | Lab      | Drew Focus: Str increased to 22, Int decreased to 8
  9908 | Lab      | Lost mutation: Your skin changes colour to match your surroundings (Stealth). [helix card]
  9908 | Lab      | Gained mutation: You are somewhat resistant to further mutation. [helix card]
 10325 | Lair:1   | Identified the amulet "Kerch" {Gourm -Tele Str+7}
 10332 | Lair:1   | Noticed Joseph
 10361 | Lair:1   | Killed Joseph
 10361 | Lair:1   | Reached skill level 13 in Armour
 10364 | Lair:1   | Reached *** piety under Ashenzari
 10790 | Lair:2   | Noticed Fannar
 10924 | Lair:1   | Upgraded the game from 0.17-a0-1575-g9a29ec8 to 0.17-a0-1914-gde4187c
 11740 | Lair:2   | Reached skill level 14 in Fighting
 12059 | Lair:3   | Reached XP level 12. HP: 83/85 MP: 4/12
 12082 | Lair:3   | Found a staircase to the Snake Pit.
 12227 | Lair:3   | Identified a +3 rod of inaccuracy (14/14) (You found it in a labyrinth)
 12932 | Lair:4   | Reached skill level 15 in Armour
 13072 | Lair:4   | Reached skill level 15 in Fighting
 13492 | Lair:4   | Reached skill level 1 in Staves
 13684 | Lair:4   | Reached **** piety under Ashenzari
 14003 | Lair:5   | Found a staircase to the Shoals.
 14289 | Lair:5   | Reached skill level 5 in Staves
 14638 | Lair:5   | Reached XP level 13. HP: 86/92 MP: 13/13
 14799 | Lair:5   | Noticed Rupert
 14818 | Lair:5   | Killed Rupert
 15286 | Lair:6   | Noticed Maud
 15320 | Lair:6   | Killed Maud
 15344 | Lair:6   | Learned a level 1 spell: Infusion
 15719 | Lair:6   | Found a staircase to the Slime Pits.
 15828 | Lair:6   | Noticed Nessos
 15848 | Lair:6   | Killed Nessos
 15848 | Lair:6   | Reached skill level 10 in Staves
 16918 | Lair:7   | Noticed Goblin1989's ghost (powerful VSBe)
 16920 | Lair:8   | Entered Level 8 of the Lair of Beasts
 16930 | Lair:8   | Gained mutation: Your large and strong wings let you fly indefinitely. [Gargoyle growth]
 16930 | Lair:8   | Reached XP level 14. HP: 45/98 MP: 14/14
 17194 | Lair:7   | Killed Goblin1989's ghost
 18429 | Lair:8   | Reached skill level 1 in Evocations
 18813 | Lair:8   | Identified a cursed +4 rod of clouds (11/11)
 19311 | Lair:1   | Killed Fannar
 19454 | Lair:1   | Killed an oklob plant
 19842 | D:10     | Noticed Josephine
 19856 | D:10     | Killed Josephine
 19863 | D:10     | Reached skill level 15 in Staves
 20140 | D:10     | Noticed a hill giant
 20149 | D:10     | Killed a hill giant
 20498 | D:11     | Found Ydwusiur's Weapon Boutique.
 20570 | D:11     | Found a burning altar of Makhleb.
 20650 | D:11     | Identified a scroll of acquirement
 20676 | D:11     | Found Omocvux's Jewellery Shoppe.
 20819 | D:11     | Reached XP level 15. HP: 96/103 MP: 17/17
 20923 | D:11     | Found Pixoudd's Antique Weapon Emporium.
 21310 | D:12     | Found a staircase to the Orcish Mines.
 21463 | D:12     | Found Hotzie's Antique Armour Shoppe.
 21467 | D:12     | Bought a pair of glowing boots for 108 gold pieces
 22172 | Orc:1    | Entered Level 1 of the Orcish Mines
 22309 | Orc:1    | Found Decin's General Store.
 22520 | Orc:1    | Noticed asdu's ghost (experienced MiBe)
 22528 | Orc:1    | Killed asdu's ghost
 23657 | Orc:3    | Found a roughly hewn altar of Beogh.
 23881 | Orc:4    | Entered Level 4 of the Orcish Mines
 23881 | Orc:4    | Found a staircase to the Elven Halls.
 23911 | Orc:4    | Reached skill level 5 in Evocations
 24065 | Orc:4    | Found Linaf's Assorted Antiques.
 24328 | Orc:4    | Reached skill level 16 in Staves
 24339 | Orc:4    | Found Kodiulun's Magic Scroll Emporium.
 24343 | Orc:4    | Found Nusarot's Jewellery Boutique.
 24343 | Orc:4    | Found Feemio's Gadget Boutique.
 24390 | Orc:4    | Bought 2 scrolls of enchant weapon for 165 gold pieces
 24390 | Orc:4    | Bought a scroll of enchant weapon for 82 gold pieces
 24390 | Orc:4    | Bought a scroll of remove curse for 33 gold pieces
 24390 | Orc:4    | Bought a scroll of remove curse for 33 gold pieces
 24390 | Orc:4    | Bought a scroll of magic mapping for 38 gold pieces
 24410 | Orc:4    | Bought a pair of faintly humming boots for 218 gold pieces
 24410 | Orc:4    | Bought a bloodstained chain mail for 218 gold pieces
 24413 | Orc:4    | Identified the +1 pair of boots of Terror {rPois Str+3 Int-3 SInv} (You bought it in a shop on level 4 of the Orcish Mines)
 24421 | Orc:4    | Identified the +9 chain mail "Laicilymit" {rElec rC- Int+8 Dex+3} (You bought it in a shop on level 4 of the Orcish Mines)
 24445 | Orc:4    | Bought the ring "Ustauffo" {rPois rC+ Str+2} for 646 gold pieces
 24479 | Orc:4    | Found Giezudam's Antique Armour Shoppe.
 24487 | Orc:4    | Bought a translucent plate armour for 784 gold pieces
 24496 | Orc:4    | Identified the +9 plate armour of Elyvilon's Supremacy {Slay+2} (You bought it in a shop on level 4 of the Orcish Mines)
 24996 | D:13     | Found Ygoomaur's Food Shop.
 25038 | D:13     | Found Ropsem's Magic Scroll Boutique.
 25173 | D:13     | Found Ginekor's Gadget Shop.
 25186 | D:13     | Bought a wand of teleportation (4) for 408 gold pieces
 25201 | D:13     | Found a burning altar of Makhleb.
 25253 | D:13     | Found a gate to the Vaults.
 25409 | D:13     | Found Uloim's Weapon Boutique.
 25470 | D:13     | Found Siubiune's Food Emporium.
 26010 | D:14     | Found a stormy altar of Qazlal.
 26422 | D:15     | Entered Level 15 of the Dungeon
 26444 | D:15     | Reached skill level 1 in Dodging
 26476 | D:15     | Found a staircase to the Depths.
 26567 | D:15     | Reached XP level 16. HP: 106/108 MP: 20/20
 26804 | D:15     | Found Otsakode's Specialty Armours.
 26822 | D:15     | Reached skill level 5 in Dodging
 26855 | D:15     | Found a shattered altar of Ashenzari.
 27528 | Snake:1  | Entered Level 1 of the Snake Pit
 27883 | Snake:1  | Noticed Aizul
 27890 | Snake:1  | Killed Aizul
 27989 | Snake:1  | Found Atsac's Gadget Emporium.
 28260 | Snake:2  | Noticed Jorgrun
 28268 | Snake:2  | Killed Jorgrun
 29142 | Snake:2  | Reached skill level 10 in Dodging
 29506 | Snake:3  | Noticed Mara
 29519 | Snake:3  | Noticed nono's illusion
 29527 | Snake:3  | Killed Mara
 29527 | Snake:3  | Reached XP level 17. HP: 94/113 MP: 21/21
 30360 | Snake:4  | Entered Level 4 of the Snake Pit
 31743 | Snake:4  | Reached XP level 18. HP: 29/120 MP: 24/24
 32070 | Snake:4  | Reached skill level 17 in Staves
 32519 | Snake:4  | Gained mutation: You are dopey. (Int -2) [potion of mutation]
 32549 | Snake:4  | Got a serpentine rune of Zot
 33001 | Shoals:1 | Entered Level 1 of the Shoals
 33798 | Shoals:2 | Noticed Zebura's ghost (great VSBe)
 33816 | Shoals:2 | Paralysed by Zebura's ghost for 6 turns
 33846 | Shoals:2 | Paralysed by Zebura's ghost for 4 turns
 33873 | Shoals:2 | Killed Zebura's ghost
 34044 | Shoals:2 | Identified the cursed +0 leather armour "Ifuchel" {Str+4 Int+2}
 34433 | Shoals:2 | Upgraded the game from 0.17-a0-1914-gde4187c to 0.18-a0-49-gd105b5a
 34925 | Shoals:3 | Identified the cursed +0 scale mail of Charity {rC- Dex+10 Stlth+}
 35281 | Shoals:4 | Entered Level 4 of the Shoals
 35281 | Shoals:4 | Found Cuibezxy's Magic Scroll Shoppe.
 35865 | Shoals:4 | Reached skill level 18 in Armour
 36080 | Shoals:4 | Identified the ring "Kestuti" {AC+2 Int+3}
 36145 | Shoals:4 | Found a gateway to a bazaar.
 36155 | Bazaar   | Entered a bazaar
 36169 | Bazaar   | Found Conoseh's Assorted Antiques.
 36169 | Bazaar   | Found Fifokhleo's Magic Scroll Emporium.
 36190 | Bazaar   | Found Ycvoymoi's Antique Armour Shoppe.
 36268 | Bazaar   | Bought a scroll of remove curse for 75 gold pieces
 36274 | Bazaar   | Bought a scroll of remove curse for 33 gold pieces
 36364 | Shoals:4 | Found Ceacoeso's Distillery.
 36377 | Shoals:4 | Reached XP level 19. HP: 128/128 MP: 25/25
 36378 | Shoals:4 | Bought a potion of curing for 60 gold pieces
 36378 | Shoals:4 | Bought a potion of curing for 60 gold pieces
 36699 | Shoals:4 | Found Rlulilin's Retail Resort.
 36709 | Shoals:4 | Bought a scroll of recharging for 171 gold pieces
 36709 | Shoals:4 | Bought a scroll of recharging for 171 gold pieces
 37379 | Shoals:4 | Got a barnacled rune of Zot
 37486 | Shoals:4 | Noticed Ilsuiw
 37502 | Shoals:4 | Killed Ilsuiw
 37571 | Shoals:3 | Upgraded the game from 0.18-a0-49-gd105b5a to 0.18-a0-82-gaf82852
 37921 | Vaults:1 | Entered Level 1 of the Vaults
 38708 | Vaults:1 | Reached skill level 19 in Armour
 39169 | Vaults:1 | Reached XP level 20. HP: 107/136 MP: 26/26
 39196 | Vaults:1 | Gained mutation: You are resistant to hostile enchantments. [mutagenic meat]
 39516 | Vaults:2 | Found a staircase to the Crypt.
 39523 | Crypt:1  | Entered Level 1 of the Crypt
 40196 | Crypt:1  | Identified the +2 robe of the Louse {*Contam rF+ MR+ Stlth+} (You found it on level 9 of the Dungeon)
 41324 | Crypt:3  | Entered Level 3 of the Crypt
 41654 | Crypt:3  | Noticed a bone dragon
 41673 | Crypt:3  | Killed a bone dragon
 41750 | Crypt:3  | Identified the +10 hand axe "Xoig Utets" {chop, *Contam rElec Dex+4}
 41779 | Crypt:3  | Reached skill level 20 in Armour
 42746 | Crypt:3  | Reached XP level 21. HP: 127/144 MP: 27/27
 42943 | Crypt:3  | Found a staircase to the Tomb.
 42945 | Crypt:3  | Identified the ring of Ijeex {rElec rPois rN+ Int+4}
 42969 | Crypt:3  | Identified the ring of Heifaphimm {rN+ Int+4 Dex+5} (You found it on level 3 of the Crypt)
 42969 | Crypt:3  | Identified the ring "Goezit" {rF+ rN+ MR+} (You found it on level 3 of the Crypt)
 43071 | Tomb:1   | Entered Level 1 of the Tomb of the Ancients
 43115 | Tomb:1   | Noticed a greater mummy
 43115 | Tomb:1   | Noticed a greater mummy
 43115 | Tomb:1   | Noticed a greater mummy
 43115 | Tomb:1   | Noticed a greater mummy
 43154 | Tomb:1   | Identified the +3 ring mail "Baavuet" {-Cast rF++}
 43531 | Tomb:1   | Noticed a greater mummy
 43549 | Tomb:1   | Killed a greater mummy
 43941 | Tomb:1   | Noticed a greater mummy
 43959 | Tomb:1   | Killed a greater mummy
 44215 | Crypt:3  | Noticed an ancient lich
 44265 | Crypt:3  | Found an ancient bone altar of Kikubaaqudgha.
 44311 | Crypt:3  | Killed an ancient lich
 44333 | Crypt:3  | Identified the amulet of Biemis {Faith Str+2}
 44351 | Crypt:3  | Identified Qedonati's Tome of Greatest Risks and Utility (You found it on level 3 of the Crypt)
 44509 | Crypt:3  | Identified Sif Muna's Tome of Lethal Beguiling (You found it on level 3 of the Crypt)
 45244 | Vaults:2 | Reached skill level 21 in Armour
 45330 | Vaults:2 | Identified the Handbook of Evil (You found it on level 2 of the Vaults)
 45790 | Vaults:2 | Found a portal to a secret trove of treasure.
 45811 | Vaults:2 | Noticed Sojobo
 45832 | Vaults:2 | Killed Sojobo
 45832 | Vaults:2 | Reached XP level 22. HP: 106/153 MP: 28/28
 47195 | Vaults:3 | Noticed Nikola
 47215 | Vaults:3 | Killed Nikola
 48654 | Vaults:4 | Identified the +2 scale mail "Etsiupin" {rElec rC+ Str-2 Dex+6}
 48945 | Vaults:4 | Identified the +5 hand axe of Wrath {chop, Int+2 Dex+2 Stlth-}
 48964 | Vaults:4 | Identified the cursed +0 chain mail "Plog" {rN+}
 48995 | Vaults:4 | Reached skill level 22 in Armour
 49129 | Vaults:4 | Reached XP level 23. HP: 134/160 MP: 29/29
 50487 | Elf:1    | Entered Level 1 of the Elven Halls
 50534 | Elf:1    | Identified the +2 flail of Eternal Harmony {crush, +Fly rElec MR+++ Int-4}
 50674 | Elf:1    | Found Peudafas's One-of-a-Kind Books.
 50693 | Elf:1    | Found Tezxam's Distillery.
 50706 | Elf:1    | Bought a potion of heal wounds for 55 gold pieces
 50706 | Elf:1    | Bought a potion of resistance for 110 gold pieces
 50734 | Elf:1    | Bought a potion of might for 44 gold pieces
 50834 | Elf:1    | Found a radiant altar of Vehumet.
 50886 | Elf:1    | Identified the +11 short sword "Demonslayer" {pain, +Fly}
 51609 | Elf:2    | Found a runed gate.
 51610 | Elf:2    | Found a runed gate.
 51613 | Elf:2    | Found a runed gate.
 51656 | Elf:2    | Found Tiodemus's Jewellery Emporium.
 52189 | Elf:3    | Entered Level 3 of the Elven Halls
 52517 | Elf:3    | Identified the +9 hunting sling of Skirmishing {velocity, rPois rF- rC++ Dex+4}
 52856 | Elf:3    | Gained mutation: You are clumsy. (Dex -2) [a neqoxec]
 52901 | Elf:3    | Killed from afar by a deep elf annihilator

Vault maps used:
D:1:      lightli_arrival_statue_moat
D:2:      first_bread, led_sif_pool, uniq_sigmund, uniq_robin
D:4:      vehumet_crystals, minmay_temple_entry_trees
D:5:      kennysheep_mini, lemuel_doored_altar, serial_shops, shop
D:6:      lemuel_crystal_altar, portal_sewer_entry_e, hex_large
D:7:      kennysheep_big_flooded_room, old_standard_altar,
          nicolae_overflow_crystal_walls,
          grunt_temple_overflow_forces_of_nature, kennysheep_mini_moat
D:10:     lair_0_dummy, basic_altar, grunt_ogre_cave,
          kennysheep_generic_room_16, uniq_josephine
D:11:     serial_shops, shop, nicolae_shop_stone, shop, bloody_makhleb
D:12:     hiddenorc1_lemuel, serial_shops, shop
D:13:     erik_vaults_1, basic_altar, serial_shops, shop_statue,
          nicolae_shop_statue_plus, nicolae_shop_waterfront, nicolae_shop_trees,
          nicolae_shop_stone, minmay_misc_feat_rows
D:14:     minmay_misc_feat_ornament, grunt_qazlal_clouds
D:15:     hangedman_depths_entry_civil_slaughter, nicolae_ashenzari_panopticon,
          nicolae_barding_shop
Temple:   roderic_octagonal_lattice_temple
Lair:1:   lab_entry_generic, dpeg_stationary_puzzle, uniq_joseph
Lair:2:   uniq_fannar
Lair:3:   dummy_snake_entry, beast_lair_carwin_8, infiniplex_staircase_pool
Lair:4:   lemuel_fruit_tree
Lair:5:   minmay_shoals_entry_beasts, serial_bayou, serial_bayou_pond_d,
          serial_bayou_lagoon_b, serial_bayou_shore_b, serial_bayou_shore_a,
          uniq_rupert
Lair:6:   nicolae_slime_entry_slimehenge, beast_lair_carwin_6, uniq_nessos,
          uniq_maud
Lair:8:   evilmike_catoblepas_cave
Shoals:4: serial_shops, statue_bzr, nicolae_shop_stone, shop_statue,
          shoals_end_simple, shoals_ilsuiw_ice, nicolae_alphabet_shops
Snake:1:  serial_shops, shop, nicolae_snake_double_loop, uniq_aizul
Snake:2:  uniq_jorgrun
Snake:3:  nicolae_sea_snake_s, st_stairs_8, nicolae_snake_round_shape_thing,
          uniq_mara
Snake:4:  grunt_snake_rune_serpentine_throne
Orc:1:    serial_shops, shop
Orc:3:    nicolae_orc_pool_cavern, kennysheep_orc_chapel
Orc:4:    st_orc_elflike, serial_shops, shop
Elf:1:    serial_shops, nicolae_shop_stone, basic_altar,
          hangedman_corner_corridor, nicolae_rare_books
Elf:2:    serial_shops, shop
Elf:3:    elf_hall
Vaults:1: v_rooms_1, vaults_room_fancy_cross, v_rooms_3,
          nicolae_vaults_circle_grid_a, st_smaller_cells,
          ontoclasm_vaults_decontamination, hangedman_vaults_river_flow,
          nicolae_vaults_what_the_h, vaults_room_fancy_cross
Vaults:2: nicolae_vaults_little_squares_4, vaults_room_grunt_arrival_ludios,
          ontoclasm_vaults_shuriken, ontoclasm_vaults_chip,
          vaults_room_large_hall, v_misc_4, minmay_crypt_entry_simple_statues,
          vaults_room_hallway, vaults_dpeg_ring, enter_trove_0, uniq_sojobo
Vaults:3: ontoclasm_vaults_tryst, hangedman_vaults_unwind, v_alt_pattern_1,
          nicolae_vaults_an_arrangement, grunt_vaults_swirl,
          vaults_standard_mumra_x, hangedman_vaults_stitches, v_misc_5,
          grunt_vaults_hallway_long, ontoclasm_vaults_spin,
          nicolae_vaults_diagonal_hallway_7, vaults_dpeg_encased_lava,
          uniq_nikola
Vaults:4: hangedman_vaults_corner, vaults_room_stairs_pillars,
          nicolae_vaults_border_crossing, v_misc_2, v_alt_pattern_4, v_rooms_6,
          hangedman_vaults_snaps, ontoclasm_vaults_shout,
          ontoclasm_vaults_hangar, vaults_mumra_minichess,
          grunt_vaults_hallway_short, hangedman_vaults_corner_blocks,
          vaults_room_door_ring, serial_glass
Crypt:2:  st_stairs_1
Crypt:3:  quadcrypt_mu
Lab:      labyrinth_hidden_loot
Bazaar:   bazaar_short_row
Sewer:    kennysheep_door_sewer

Action                   |  1- 3 |  4- 6 |  7- 9 | 10-12 | 13-15 | 16-18 | 19-21 | 22-24 || total
-------------------------+-------+-------+-------+-------+-------+-------+-------+-------++-------
Melee: Flail             |    34 |       |       |       |       |       |       |       ||    34
       Mace              |   100 |   257 |   118 |       |       |       |       |       ||   475
       Whip              |       |       |   629 |  1341 |       |       |       |       ||  1970
       Quarterstaff      |       |       |       |   164 |   932 |       |       |       ||  1096
       Lajatang          |       |       |       |       |   648 |  1156 |  1465 |   982 ||  4251
Invok: Scrying           |       |       |       |       |       |       |     3 |       ||     3
 Abil: Fly               |       |       |       |       |       |     1 |       |       ||     1
Evoke: Wand              |       |       |       |     6 |    16 |       |     3 |     5 ||    30
       Deck              |       |       |       |    12 |     5 |     1 |       |       ||    18
       Phial of floods   |       |       |       |       |       |     1 |       |       ||     1
  Use: Potion            |     1 |       |     9 |    17 |     6 |     5 |     2 |       ||    40
       Scroll            |       |     4 |     1 |     7 |    26 |     7 |     6 |     4 ||    55
 Stab: Invisible         |       |       |     5 |     3 |       |       |       |       ||     8
       Paralysed         |       |       |       |    28 |       |       |       |       ||    28
       Distracted        |       |       |       |       |       |     2 |       |       ||     2
  Eat: Chunk             |       |     7 |    21 |    15 |    47 |    11 |    35 |    15 ||   151
       Beef jerky        |       |       |     1 |     1 |       |       |    10 |       ||    12
       Bread ration      |       |       |       |     3 |       |     2 |     2 |       ||     7
       Fruit             |       |       |       |     2 |     3 |       |     3 |     3 ||    11
       Royal jelly       |       |       |       |       |     1 |       |       |       ||     1
       Meat ration       |       |       |       |       |       |     2 |       |       ||     2
       Pizza             |       |       |       |       |       |       |       |     2 ||     2
